 Dungeon Crawl Stone Soup version 0.17.0-22-g5edae84 (console) character file.

257 jw the Chopper (level 6, -4/43 HPs)
             Began as an Octopode Berserker on Nov 12, 2015.
             Was a Believer of Trog.
             Slain by an ogre
             ... wielding a +0 giant club
              (19 damage)
             ... on level 4 of the Dungeon.
             The game lasted 00:08:42 (3048 turns).

jw the Chopper (Octopode Berserker)                 Turns: 3048, Time: 00:08:42

Health: -4/43      AC:  1    Str: 17    XL:     6   Next: 16%
Magic:  6/6        EV: 13    Int:  9    God:    Trog [**....]
Gold:   148        SH:  0    Dex: 13    Spells: 0 memorised, 5 levels left

rFire  . . .     SeeInvis .     a - +0 hand axe
rCold  . . .     Clarity  .     (no shield)
rNeg   . . .     SustAt   .     (helmet restricted)
rPois  .         Gourm    .     (no amulet)
rElec  .         Spirit   .     (no ring)
rCorr  .         Warding  .     (no ring)
rMut   .         Stasis   .     (no ring)
MR     .....                    (no ring)
Stlth  ++........               (no ring)
                                (no ring)
                                (no ring)
                                (no ring)

@: not resistant to hostile enchantments, unstealthy
A: almost no armour, amphibious, 8 rings, constrict 8, camouflage 1, gelatinous
body 1
a: Berserk, Trog's Hand, Burn Spellbooks, Renounce Religion


You were on level 4 of the Dungeon.
You worshipped Trog.
Trog was pleased with you.
You were very hungry.

You visited 1 branch of the dungeon, and saw 4 of its levels.

You collected 148 gold pieces.

Inventory:

Hand Weapons
 a - a +0 hand axe (weapon)
Missiles
 c - 116 stones (quivered)
 d - 20 poisoned needles
Comestibles
 b - 3 bread rations


   Skills:
 + Level 4.2 Fighting
 * Level 5.3 Axes
 + Level 2.4 Throwing
 - Level 3.0 Dodging


You had 5 spell levels left.
You didn't know any spells.

Dungeon Overview and Level Annotations

Branches:
Dungeon (4/15)
 Temple: D:4-7

Altars:
Nemelex Xobeh

Portals:
Ossuary: D:4

Annotations:
D:2 exclusion: downstairs


Innate Abilities, Weirdness & Mutations

You cannot wear most types of armour.
You are amphibious.
You can wear up to eight rings at the same time.
You can use your tentacles to constrict eight enemies at once.
Your skin changes colour to match your surroundings (Stealth).
Your rubbery body absorbs attacks (AC +1).


Message History

The ogre is almost dead.
Your skin stops crawling.
You feel less resistant to hostile enchantments.
Unknown command.
Unknown command.
Unknown command.
Unknown command.
ATTACKING (0,-1)
You hit the ogre but do no damage.
The ogre is almost dead.
The ogre barely misses you.
Unknown command.
Unknown command.
Unknown command.
Unknown command.
ATTACKING (0,-1)
You barely miss the ogre.
The ogre is almost dead.
The ogre hits you with a giant club!!
You die...

###.#######(#
#.##.....>#
#.##.###..#
#....# #..#
####.###..#######
#.............
######.######
#######O#
#......x#
#.####### ### ...
#.


You could see an ogre.

Table legend:
 A = Turns spent in this place as a percentage of turns spent in the entire game.
 B = Non-inter-level travel turns spent in this place as a percentage of non-inter-level travel turns spent in the entire game.
 C = Inter-level travel turns spent in this place as a percentage of turns spent in this place.
 D = Turns resting spent in this place as a percentage of non-inter-level travel turns spent in this place.
 E = Turns spent auto-exploring this place as a percentage of non-inter-level travel turns spent in this place.
 F = Non-inter-level travel turns spent in this place divided by the number of levels of this place that you've seen.
                   A       B       C       D       E      F
               +-------+-------+-------+-------+-------+----------------------
         Total | 100.0 | 100.0 |   0.6 |   1.5 |   2.7 | 1093.8
       Dungeon | 100.0 | 100.0 |   0.6 |   1.5 |   2.7 | 1093.8
               +-------+-------+-------+-------+-------+----------------------

Table legend:
 A = Kills in this place as a percentage of kills in entire the game.
 B = Kills by you in this place as a percentage of kills by you in the entire game.
 C = Kills by friends in this place as a percentage of kills by friends in the entire game.
 D = Other kills in this place as a percentage of other kills in the entire game.
 E = Experience gained in this place as a percentage of experience gained in the entire game.
 F = Experience gained in this place divided by the number of levels of this place that you have seen.
                   A       B       C       D       E      F
               +-------+-------+-------+-------+-------+----------------------
         Total | 100.0 | 100.0 |  -nan |  -nan | 100.0 |  92.0
       Dungeon | 100.0 | 100.0 |  -nan |  -nan | 100.0 |  92.0
               +-------+-------+-------+-------+-------+----------------------

Vanquished Creatures
  The ghost of gw the Insei, an amateur HuMo of Cheibriados (D:3)
  An ogre (D:3)
  Ijyb (D:2)
  An adder (D:2)
  A worm (D:2)
  2 giant geckos (D:1)
  7 bats
  5 hobgoblins
  6 jackals
  3 quokkas
  A ball python (D:1)
  4 giant cockroaches
  A giant gecko skeleton (D:4)
  3 giant newts
  13 goblins
  10 kobolds
  6 rats
66 creatures vanquished.

Notes
Turn   | Place    | Note
--------------------------------------------------------------
     0 | D:1      | jw the Octopode Berserker began the quest for the Orb.
     0 | D:1      | Reached XP level 1. HP: 16/16 MP: 1/1
   212 | D:1      | Reached XP level 2. HP: 15/21 MP: 2/2
   518 | D:1      | Reached ** piety under Trog
   548 | D:1      | Reached skill level 1 in Throwing
   548 | D:1      | Reached XP level 3. HP: 26/26 MP: 3/3
   884 | D:2      | Noticed Ijyb
   895 | D:2      | Killed Ijyb
   895 | D:2      | Reached skill level 4 in Axes
   895 | D:2      | Reached XP level 4. HP: 31/31 MP: 4/4
  1816 | D:3      | Reached *** piety under Trog
  1941 | D:3      | Noticed gw's ghost (amateur HuMo)
  1943 | D:3      | Found a sparkling altar of Nemelex Xobeh.
  1966 | D:3      | Killed gw's ghost
  1966 | D:3      | Reached XP level 5. HP: 17/37 MP: 5/5
  2408 | D:3      | Noticed an ogre
  2426 | D:3      | Killed an ogre
  2426 | D:3      | Reached skill level 5 in Axes
  2426 | D:3      | Reached XP level 6. HP: 43/43 MP: 6/6
  2952 | D:4      | Found a sand-covered staircase.
  3048 | D:4      | Slain by an ogre

Action                   |  1- 3 |  4- 6 || total
-------------------------+-------+-------++-------
Melee: Hand axe          |    36 |    76 ||   112
Throw: Stone             |    39 |   107 ||   146
Invok: Berserk           |     1 |     1 ||     2
       Trog's Hand       |       |     4 ||     4
  Eat: Chunk             |     1 |     7 ||     8

Vault maps used:
D:1:      minmay_arrival_wavy_path, minmay_misc_feat_square,
          kennysheep_pointless_box
D:2:      uniq_iyjb
D:3:      nemelex_deck
D:4:      makhleb_grotto_becter, xom_redecorated,
          nicolae_ossuary_entry_false_entrances, first_bread, tso_altar
